 Dungeon Crawl Stone Soup version 0.15-a0-2130-g28e4b74 (webtiles) character file.

54 crabcz the Digger (level 3, -1/19 HPs)
             Began as a Gargoyle Earth Elementalist on July 17, 2014.
             Slain by an orc priest (5 damage)
             ... on Level 3 of the Dungeon.
             The game lasted 00:07:14 (1862 turns).

crabcz the Digger (Gargoyle Earth Elementalist)     Turns: 1862, Time: 00:07:14

HP  -1/19        AC  7     Str 11      XL: 3   Next: 91%
MP   3/6         EV 12     Int 16      God:
Gold 84          SH  0     Dex 10      Spells:  2 memorised,  3 levels left

rFire  . . .     SeeInvis .     b - 86 stones
rCold  . . .     Clarity  .     o - +0 robe
rNeg   + . .     rCorr    .     (no shield)
rPois  +         rRot     +     (no helmet)
rElec  +         Spirit   .     i - +0 cloak
SustAb .         Warding  .     g - +0 pair of gloves (curse)
rMut   .         Stasis   .     (no boots)
Gourm  .                        (no amulet)
MR     .....                    (no ring)
                                (no ring)

@: not resistant to hostile enchantments, unstealthy
A: negative energy resistance 1, electricity resistance, unbreathing,
petrification resistance, rot immunity, AC +3
a: no special abilities


You were on level 3 of the Dungeon.
You were hungry.

You visited 1 branch of the dungeon, and saw 3 of its levels.

You collected 84 gold pieces.

Inventory:

Hand weapons
 a - a +0 club
 n - a +5 hand axe
 x - a +1 short sword of draining
Missiles
 b - 86 stones (in hand)
Armour
 c - a +0 robe
 e - a +0 pair of gloves
 g - a cursed +0 pair of gloves (worn)
 i - a +0 cloak (worn)
 o - a +0 robe (worn)
Magical devices
 r - a wand of magic darts (15) {unknown}
Comestibles
 h - 2 beef jerkies
 j - 2 bread rations
 u - 2 meat rations
 v - 2 rotting chunks of kobold flesh
 w - a slice of pizza
Scrolls
 k - 3 scrolls of identify {unknown}
 l - a scroll of teleportation {unknown}
 m - 3 scrolls of remove curse {unknown}
 s - a scroll of enchant weapon {unknown}
Jewellery
 p - an uncursed ring of magical power {unknown}
Potions
 f - 3 potions of curing {unknown}
 q - 2 potions of might {unknown}
 t - a potion of poison {unknown}
Books
 d - a book of Geomancy

   Spells                             Type                      Level
   *Sandblast                         Earth                        1
   Stoneskin                          Transmutation/Earth          2
   *Passwall                          Transmutation/Earth          3
   Stone Arrow                        Conjuration/Earth            3
   Petrify                            Transmutation/Earth          4
   Lee's Rapid Deconstruction         Earth                        5


   Skills:
 - Level 1.5 Dodging
 - Level 2.1 Stealth
 + Level 2.6 Spellcasting
 - Level 0.7 Transmutations
 * Level 5.1 Earth Magic


You had 3 spell levels left.
You knew the following spells:

 Your Spells              Type           Power        Failure   Level  Hunger
a - Sandblast             Erth           ###...       2%          1    #......
b - Passwall              Trmt/Erth      ##........   17%         3    ###....


Dungeon Overview and Level Annotations

Branches:
Dungeon (3/15)

Altars:


Innate Abilities, Weirdness & Mutations

You are resistant to torment.
You are immune to poison.
Your stone body is very resilient (AC +3).
You resist negative energy.
You are resistant to electric shocks.
You can survive without breathing.
You are immune to petrification.
You are immune to rotting.


Message History

Press: ? - help, Shift-Dir - straight line, f - orc priest
Aim: an orc priest wearing a leather armour The rocky blast misses the orc priest.
A rat comes into view.
Casting: Sandblast
Confirm with . or Enter, or press ? or * to list all spells.
Aiming: Sandblast
Press: ? - help, Shift-Dir - straight line, f/p - orc priest
Aim: an orc priest wearing a leather armour The rocky blast hits the orc priest.
An orc comes into view. It is wielding a flail.
Casting: Sandblast
Confirm with . or Enter, or press ? or * to list all spells.
Aiming: Sandblast
Press: ? - help, Shift-Dir - straight line, f/p - orc priest
Aim: an orc priest wearing a leather armour The rocky blast hits the orc priest.
The orc priest is moderately wounded.
The orc priest hits you.
You die...

#.# #.# . #.# .
# #.##..#
o.....#
#.r#.####
#........
#o........ #
#@#
.....#####.#
...........#
####.####..#
#..# .# .
#..###..#
#.####.......#
#............#
#.####.####...#


You could see an orc priest, an orc and a rat.

Vanquished Creatures
  An adder (D:2)
  A giant mite (D:1)
  An orc (D:3)
  A ball python (D:1)
  5 goblins
  5 hobgoblins
  2 jackals (D:2)
  A quokka (D:2)
  5 bats
  A giant cockroach (D:2)
  2 giant newts (D:2)
  8 kobolds
  4 rats
37 creatures vanquished.

Notes
Turn   | Place    | Note
--------------------------------------------------------------
     0 | D:1      | crabcz, the Gargoyle Earth Elementalist, began the quest for the Orb.
     0 | D:1      | Reached XP level 1. HP: 10/10 MP: 3/3
   201 | D:1      | Reached skill level 4 in Earth Magic
   258 | D:1      | You fall through a shaft!
   266 | D:2      | Reached XP level 2. HP: 13/15 MP: 4/4
   644 | D:2      | Reached XP level 3. HP: 19/19 MP: 4/6
  1304 | D:1      | Reached skill level 5 in Earth Magic
  1690 | D:1      | Learned a level 3 spell: Passwall
  1862 | D:3      | Slain by an orc priest

Action                   || total
-------------------------++-------
Melee: Unarmed           ||     7
       Club              ||    12
 Cast: Sandblast         ||    63
 Stab: Sleeping          ||     1
  Eat: Chunk             ||     3
